 Dungeon Crawl Stone Soup version 0.32-a0-485-g70f7560b1c (webtiles) character file.

Game seed: 7931669553400485393

77 ezpacito the Trooper (level 4, 0/52 HPs)
             Began as a Demonspawn Chaos Knight on Feb 26, 2024.
             Was a Plaything of Xom.
             Succumbed to an orc wizard's poison
             ... on level 5 of the Dungeon.
             The game lasted 00:02:44 (1669 turns).

ezpacito the Trooper (Demonspawn Chaos Knight)      Turns: 1669, Time: 00:02:45

Health: 0/52       AC:  7    Str: 14    XL:     4   Next: 14%
Magic:  5/5        EV: 12    Int: 13    God:    Xom [..*...]
Gold:   142        SH:  0    Dex: 12    Spells: 3/5 levels left

rFire   . . .        a - +0 hand axe (chaos)
rCold   . . .        (no shield)
rNeg    . . .        b - +2 leather armour
rPois   .            h - +0 helmet
rElec   .            (no cloak)
rCorr   .            j - +0 pair of gloves
SInv    .            (no boots)
Will    +....        (no amulet) Stlth
                     (no ring)
HPRegen 0.28/turn    (no ring)
MPRegen 0.09/turn

%: no passive effects
@: berserking, lethally poisoned (0 -> -22), attractive, enlightened, flying,
very quick
A: demonic guardian 1, powered by pain 1, sturdy frame 1
a: Renounce Religion


You were on level 5 of the Dungeon.
You worshipped Xom.
You were a toy of Xom.
You visited 1 branch of the dungeon, and saw 4 of its levels.

You collected 142 gold pieces.

Inventory:

Hand Weapons
 a - a +0 hand axe of chaos (weapon)
Missiles
 g - a throwing net (quivered)
Armour
 b - a +2 leather armour (worn)
 h - a +0 helmet (worn)
 j - a +0 pair of gloves (worn)
Wands
 o - a wand of paralysis (3)
Scrolls
 c - a scroll of butterflies
 d - a scroll of torment {unknown}
 i - 2 scrolls of identify {unknown}
 l - a scroll of teleportation {unknown}
 m - a scroll of immolation {unknown}


   Skills:
 * Level 3.3 Fighting
 * Level 2.9(3.0) Axes
 + Level 0.4(1.8) Polearms
 + Level 0.0 Throwing
 * Level 2.1 Armour
 * Level 1.7 Dodging
 + Level 0.2 Stealth
 * Level 1.1 Unarmed Combat
 * Level 1.1 Spellcasting
 * Level 0.1 Necromancy
 + Level 0.0 Alchemy
 + Level 0.0 Evocations


You had 3 spell levels left.
You knew the following spells:

 Your Spells              Type           Power      Damage    Failure   Level
a - Cigotuvi's Dreadful   Necr/Alch/Air  0%         N/A       38%         2

Your spell library contained the following spells:

 Spells                   Type           Power      Damage    Failure   Level
 Fugue of the Fallen      Necr           1%         N/A       63%         3
 Ozocubu's Armour         Ice            0%         N/A       65%         3
 Ignite Poison            Fire/Alch      0%         N/A       96%         4
 Manifold Assault         Tloc           0%         N/A       96%         4
 Freezing Cloud           Conj/Ice/Air   0%         6-21      100%        5


Dungeon Overview and Level Annotations

Branches:
Dungeon (3/15)

Altars:
Nemelex Xobeh
Wu Jian


Innate Abilities, Weirdness & Mutations

A weak demonic guardian rushes to your aid.
You sometimes gain a little power by taking damage.
Your movements are slightly less encumbered by armour. (ER -2)


Message History

The orc burns you. The orc hits you with a +0 war axe.
The orc wizard points at you and mumbles some strange words.
The puff of flame hits you.
* * * LOW HITPOINT WARNING * * *
Something hits you.
* * * LOW HITPOINT WARNING * * *
A demonic guardian appears!
It was a potion of heal wounds.
You feel much better.
You feel sick.
The orc wizard hits you with a +1 dagger of venom.
You are lethally poisoned!
The orc misses you. The orc barely misses you.
Something hits you but does no damage.
Your shadow imp misses something.
It was a potion of berserk rage.
A red film seems to cover your vision as you go berserk!
You feel yourself moving faster!
You feel mighty!
You feel very sick. The orc barely misses you.
The orc hits you but does no damage. Something hits you.
* * * LOW HITPOINT WARNING * * *
The orc wizard hits you but does no damage.
You are lethally poisoned!
Your shadow imp barely misses something.
You closely miss the orc. You hit the orc. You freeze the orc.
You barely miss something. You hit the orc wizard.
* * * LOW HITPOINT WARNING * * *
You feel very sick.
The orc wizard hits you with a +1 dagger of venom.
* * * LOW HITPOINT WARNING * * *
You are more poisoned.
The orc hits you with a +0 war axe.
* * * LOW HITPOINT WARNING * * *
The orc misses you. Something hits you.
* * * LOW HITPOINT WARNING * * *
You hit the orc.
The orc is heavily wounded.
You miss something. You closely miss the orc wizard. You hit the orc.
You freeze the orc.
You kill the orc!
You die...
Xom is highly amused!

##### ... ...
#5#
###.###{###.#
......o@)...#
###.###o###.#
#.###.###
#.###........
#.........###
###########


You could see an orc wizard, an orc (ally target) and a friendly shadow imp
(summoned).

Vanquished Creatures
  An adder (D:2)
  A ribbon worm (D:2)
  3 dart slugs
  4 orcs
  7 endoplasms
  3 giant cockroaches
  4 hobgoblins
  4 jackals (D:1)
  3 kobolds
  2 quokkas (D:1)
  4 ball pythons
  6 bats
  A frilled lizard (D:1)
  2 goblins (D:3)
  9 rats
54 creatures vanquished.

Notes
Turn   | Place    | Note
-------+----------+-------------------------------------------
     0 | D:1      | ezpacito the Demonspawn Chaos Knight began the quest for
                  | the Orb.
     0 | D:1      | Reached XP level 1. HP: 18/18 MP: 1/1
    32 | D:1      | Reached skill level 1 in Dodging
   115 | D:1      | Gained mutation: You sometimes gain a little power by
                  | taking damage. [demonic ancestry]
   115 | D:1      | Reached XP level 2. HP: 24/24 MP: 2/2
   201 | D:1      | XOM: silly message
   352 | D:1      | XOM: silly message
   359 | D:1      | XOM: divination: magic mapping
   473 | D:1      | Gained mutation: Your movements are slightly less
                  | encumbered by armour. (ER -2) [demonic ancestry]
   473 | D:1      | Reached XP level 3. HP: 29/29 MP: 4/4
   683 | D:2      | XOM: silly message
   723 | D:2      | XOM: silly message
   875 | D:2      | XOM: divination: detect creatures
   898 | D:2      | Reached skill level 1 in Spellcasting
  1029 | D:2      | Found a sparkling altar of Nemelex Xobeh.
  1049 | D:2      | Learned a level 2 spell: Cigotuvi's Dreadful Rot
  1071 | D:3      | Found a sparkling altar of Nemelex Xobeh.
  1175 | D:3      | Found an ornate altar of the Wu Jian Council.
  1269 | D:3      | Reached skill level 1 in Unarmed Combat
  1306 | D:3      | Gained mutation: A weak demonic guardian rushes to your
                  | aid. [demonic ancestry]
  1306 | D:3      | Reached XP level 4. HP: 33/35 MP: 5/5
  1651 | D:3      | You fall into a shaft and drop 2 floors!
  1651 | D:5      | Entered Level 5 of the Dungeon
  1669 | D:5      | Succumbed to an orc wizard's poison

Illustrated notes

Levels and vault maps discovered:
D:1:      amcnicky_arrival_flooded_fountain, layout_rooms,
          minmay_misc_feat_nine_boxes
D:2:      layout_basic, basic_altar, serial_shops, nicolae_shop_statue_plus
D:3:      layout_loops_ring, mainiacjoe_overflow_surrounded_room, tgw_trog,
          mainiacjoe_overflow_boulevard
D:5:      layout_loops_ring, lemuel_blue_sif_altar, kennysheep_little_box,
          kennysheep_donut, chequers_arboretum, uniq_crazy_yiuf_cottage

Skill      XL: |  1  2  3 |
---------------+----------+-----
Dodging        | 1 |  1.7
Spellcasting   | 1 |  1.1
Armour         | 2 |  2.1
Unarmed Combat | 1 |  1.1
Fighting       | |  3.3
Axes           | |  2.9
Polearms       | |  0.4
Stealth        | |  0.2
Necromancy     | |  0.1

Action                     |  1- 3 |  4- 6 || total
---------------------------+-------+-------++-------
  Melee: Hand axe          |   112 |    25 ||   137
    Use: Potion            |       |     4 ||     4
   Stab: Sleeping          |     1 |     1 ||     2
 Armour: Leather armour    |    77 |    26 ||   103
  Dodge: Dodged            |    84 |    20 ||   104

Table legend: (Time is in decaauts)
 A = Elapsed time spent in this place.
 B = Non-inter-level travel time spent in this place.
 C = Inter-level travel time spent in this place.
 D = Time resting spent in this place.
 E = Time spent auto-exploring this place.
 F = Levels seen in this place.
 G = Mean time per level.
                   A        B        C        D        E       F      G
               +--------+--------+--------+--------+--------+-----+--------+
         Total |   1689 |   1618 |     71 |     38 |   1226 |   4 |  422.2 |
       Dungeon |   1689 |   1618 |     71 |     38 |   1226 |   4 |  422.2 |
               +--------+--------+--------+--------+--------+-----+--------+

Top non-repeatable levels by time:
     D:1: 618 daAuts
     D:3: 587 daAuts
     D:2: 465 daAuts
     D:5: 18 daAuts
